 Dungeon Crawl Stone Soup version 0.28-a0-909-g796cbd3a86 (webtiles) character file.

Game seed: 5576736924716847938

266 pokeman the Magician (level 6, -3/34 HPs)
             Began as a Deep Elf Hedge Wizard on Nov 24, 2021.
             Slain by a gnoll (16 damage)
             ... on level 3 of the Dungeon.
             The game lasted 00:05:37 (3318 turns).

pokeman the Magician (Deep Elf Hedge Wizard)        Turns: 3318, Time: 00:05:38

Health: -3/34      AC:  3    Str:  7    XL:     6   Next: 0%
Magic:  6/16       EV: 12    Int: 21    God:
Gold:   184        SH:  0    Dex: 14    Spells: 5/16 levels left

rFire   . . .      SeeInvis .   o - +0 war axe
rCold   . . .      Faith    .   (no shield)
rNeg    . . .      Spirit   .   h - +0 leather armour
rPois   .          Reflect  .   c - +0 hat
rElec   .          Harm     .   (no cloak)
rCorr   .          Rampage  .   (no gloves)
Will    .....                   (no boots)
Stlth   ++........              (no amulet)
HPRegen 0.11/turn               (no ring)
MPRegen 0.15/turn               (no ring)

@: no status effects
A: no striking features
a: no special abilities


You were on level 3 of the Dungeon.
You visited 1 branch of the dungeon, and saw 3 of its levels.

You collected 184 gold pieces.

Inventory:

Hand Weapons
 o - a +0 war axe (weapon)
Missiles
 g - 9 poisoned darts (quivered)
 k - 27 arrows
 l - 31 bolts
Armour
 c - a +0 hat (worn)
 h - a +0 leather armour (worn)
Magical Staves
 a - a staff of air
Scrolls
 e - a scroll of identify {unknown}
 j - a scroll of fog {unknown}
 n - a scroll of vulnerability {unknown}
Potions
 b - a potion of berserk rage {unknown}
 d - 2 potions of flight {unknown}
 f - 2 potions of might {unknown}
 i - a potion of haste {unknown}
 m - a potion of heal wounds {unknown}


   Skills:
 - Level 1.0 Fighting
 - Level 1.0 Armour
 + Level 2.7 Dodging
 - Level 2.4 Stealth
 * Level 5.6 Spellcasting
 + Level 5.1 Conjurations
 - Level 1.1 Summonings
 - Level 1.1 Translocations
 + Level 0.7 Fire Magic


You had 5 spell levels left.
You knew the following spells:

 Your Spells              Type           Power      Damage    Failure   Level
a - Magic Dart            Conj           100%       1d8       1%          1
b - Mephitic Cloud        Conj/Pois/Air  13%        N/A       22%         3
c - Call Imp              Summ           10%        N/A       14%         2
d - Blink                 Tloc           20%        N/A       14%         2
e - Conjure Flame         Conj/Fire      18%        6-21      13%         3

Your spell library contained the following spells:

 Spells                   Type           Power      Damage    Failure   Level
 Slow                     Hex            20%        N/A       16%         1
 Gell's Gravitas          Tloc           10%        N/A       28%         3
 Teleport Other           Tloc           10%        N/A       28%         3
 Dispersal                Tloc           5%         N/A       100%        6


Dungeon Overview and Level Annotations

Branches:
Dungeon (3/15)

Altars:
Ashenzari
Fedhas


Message History

Aim: a gnoll, wielding a +0 halberd (chance to affect: 91%)
The ball explodes into a vile cloud!
The stinking cloud engulfs the gnoll but does no damage. x2
The gnoll is engulfed in noxious fumes.
The gnoll appears confused.
The gnoll barely misses the gnoll.
The gnoll barely misses itself.
The gnoll is engulfed in noxious fumes.
The gnoll appears confused.
The gnoll closely misses you.
Unknown command.
Unknown command.
You catch the helpless gnoll completely off-guard!
You hit the gnoll.
The gnoll is heavily wounded.
The gnoll is engulfed in noxious fumes.
The gnoll appears confused.
The gnoll misses you.
The gnoll is engulfed in noxious fumes.
The gnoll appears confused.
Unknown command.
You catch the helpless gnoll completely off-guard!
You hit the gnoll but do no damage.
The gnoll is heavily wounded.
The gnoll is engulfed in noxious fumes.
The gnoll appears confused.
The gnoll chortles and stares into space.
The gnoll is engulfed in noxious fumes.
The gnoll appears confused.
The gnoll is engulfed in noxious fumes.
The gnoll appears confused.
The gnoll completely misses you.
You catch the helpless gnoll completely off-guard!
You hit the gnoll but do no damage.
The gnoll is almost dead.
Your magical contamination has completely faded away.
You hit the gnoll.
You kill the gnoll!
You have reached level 6!
Your experience leads to an increase in your attributes!
Increase (S)trength, (I)ntelligence, or (D)exterity?
You feel clever. The gnoll hits you with a +0 halberd!
The orc wizard shouts!
You hit the gnoll but do no damage.
The gnoll is moderately wounded.
The gnoll hits you with a +0 halberd!
You die...

####..<...# ♣##.
#..####### ....#
#.........
♣....########.#######
...................
..................
#................
#..g.............
#..@.............
###................
#.....)............
#.....)...........
#................
##8..8##o........
#⌠...._#.........
###..###†........
#....⌠#........ .


You could see an orc wizard and a gnoll (confused).

Vanquished Creatures
  Sigmund (D:2)
  3 adders
  2 gnolls (D:3)
  2 dart slugs
  3 orcs
  3 bats
  4 endoplasms
  2 giant cockroaches (D:1)
  2 goblins
  6 hobgoblins
  A quokka (D:1)
  6 ball pythons
  4 frilled lizards
  7 kobolds
  7 rats
53 creatures vanquished.

Vanquished Creatures (others)
  3 plants (D:3)
  5 toadstools (D:1)
8 creatures vanquished.

Grand Total: 61 creatures vanquished

Notes
Turn   | Place    | Note
-------+----------+-------------------------------------------
     0 | D:1      | pokeman the Deep Elf Hedge Wizard began the quest for the
                  | Orb.
     0 | D:1      | Reached XP level 1. HP: 10/10 MP: 7/7
   266 | D:1      | Reached XP level 2. HP: 16/16 MP: 0/9
   950 | D:1      | Reached skill level 5 in Spellcasting
  1143 | D:2      | Noticed Sigmund
  1255 | D:2      | Reached XP level 3. HP: 8/20 MP: 1/11
  1259 | D:2      | Learned a level 3 spell: Mephitic Cloud
  1262 | D:2      | Learned a level 2 spell: Call Imp
  1265 | D:2      | Learned a level 2 spell: Blink
  1269 | D:2      | Learned a level 3 spell: Conjure Flame
  1701 | D:2      | Reached skill level 1 in Fighting
  1701 | D:2      | Reached skill level 1 in Armour
  2472 | D:2      | Killed Sigmund
  2473 | D:2      | Reached skill level 5 in Conjurations
  2473 | D:2      | Reached XP level 4. HP: 25/25 MP: 1/13
  2473 | D:2      | Reached XP level 5. HP: 29/29 MP: 1/14
  3276 | D:3      | Found a blossoming altar of Fedhas.
  3287 | D:3      | Found a broken altar of Ashenzari.
  3314 | D:3      | Reached XP level 6. HP: 21/34 MP: 5/16
  3318 | D:3      | Slain by a gnoll

Illustrated notes

Levels and vault maps discovered:
D:1:      dpeg_arrival_prison, layout_basic, grunt_decor_resistance,
          minmay_gold_behind_fungi, grunt_decor_clamped
D:2:      layout_loops_ring, uniq_sigmund
D:3:      layout_basic, minitemple, serial_bayou_crossing

Skill      XL: |  1  2  3 |
---------------+----------+-----
Spellcasting   | 5 |  5.6
Fighting       | 1 |  1.0
Armour         | 1 |  1.0
Conjurations   | 5 |  5.1
Dodging        | |  2.7
Stealth        | |  2.4
Summonings     | |  1.1
Translocations | |  1.1
Fire Magic     | |  0.7

Action                   |  1- 3 |  4- 6 || total
-------------------------+-------+-------++-------
Melee: Dagger            |    18 |       ||    18
       War axe           |       |     7 ||     7
Throw: Dart              |     8 |       ||     8
 Cast: Magic Dart        |    95 |    27 ||   122
       Mephitic Cloud    |     2 |     4 ||     6
       Conjure Flame     |     2 |       ||     2
       Call Imp          |       |     2 ||     2
 Stab: Sleeping          |     1 |       ||     1
       Confused          |       |     3 ||     3
Armor: Robe              |     6 |       ||     6
       Leather armour    |     3 |     2 ||     5
Dodge: Dodged            |    28 |     4 ||    32

Table legend: (Time is in decaauts)
 A = Elapsed time spent in this place.
 B = Non-inter-level travel time spent in this place.
 C = Inter-level travel time spent in this place.
 D = Time resting spent in this place.
 E = Time spent auto-exploring this place.
 F = Levels seen in this place.
 G = Mean time per level.
                   A        B        C        D        E       F      G
               +--------+--------+--------+--------+--------+-----+--------+
         Total |   3325 |   3167 |    158 |    292 |   2432 |   3 | 1108.3 |
       Dungeon |   3325 |   3167 |    158 |    292 |   2432 |   3 | 1108.3 |
               +--------+--------+--------+--------+--------+-----+--------+

Top non-repeatable levels by time:
     D:2: 1766 daAuts
     D:1: 1411 daAuts
     D:3: 147 daAuts
